 Dungeon Crawl Stone Soup version 0.28.0-49-g6dfe1f597d (webtiles) character file.

Game seed: 5356361852225850844

3244 Spectrina the Covert (level 9, -4/73 HPs)
             Began as a Deep Elf Monk on May 15, 2022.
             Was the Champion of Jiyva.
             Succumbed to a killer bee's poison
             ... on level 8 of the Dungeon on May 17, 2022.
             The game lasted 00:35:02 (3057 turns).

Spectrina the Covert (Deep Elf Monk)                Turns: 3057, Time: 00:35:02

Health: -4/73      AC: 24    Str: 10    XL:     9   Next: 67%
Magic:  22/23      EV:  2    Int: 16    God:    Jiyva [******]
Gold:   184        SH:  0    Dex: 19    Spells: 7/24 levels left

rFire   . . .      SeeInvis .   a - +2 short sword (drain)
rCold   . . .      Faith    .   (no shield)
rNeg    . . .      Spirit   .   (armour currently unavailable)
rPois   +          Reflect  .   (helmet currently unavailable)
rElec   .          Harm     .   (cloak currently unavailable)
rCorr   +          Rampage  .   (gloves currently unavailable)
Will    .....      Clarity  +   (boots currently unavailable)
Stlth   +++++..... NoTele   +   H - amulet of the acrobat
HPRegen 1.82/turn               i - ring of flight
MPRegen 0.68/turn               (no ring)

@: lethally poisoned (-4 -> -17), tree-form
A: stationary, stasis, torment immunity, boosted hp, clarity, sense surroundings
1, (pseudopods 3), (tendrils), MP-powered wands, (engulf)
a: Renounce Religion, Oozemancy, Slimify


You were on level 8 of the Dungeon.
You worshipped Jiyva.
Jiyva was exalted by your worship.
You were a tree.
You visited 1 branch of the dungeon, and saw 8 of its levels.

You collected 184 gold pieces.

Inventory:

Hand Weapons
 a - a +2 short sword of draining (weapon)
 b - a +0 shortbow
 e - a +0 spear
 j - a +4 quarterstaff of chaos
 l - a +0 mace of holy wrath
 s - the +4 falchion of the Hall of Blades {vorpal, rF- Int+4}
   (You found it on level 4 of the Dungeon)

   It inflicts extra damage upon your enemies.
   Int:       It affects your intelligence (+4).
   rF:        It makes you vulnerable to fire.
 t - a +0 quarterstaff
 w - a +2 vorpal dire flail
 A - a +0 whip of flaming
 D - a +2 whip of freezing
Missiles
 d - 114 stones (quivered)
 h - 30 arrows
 r - 16 bolts
Armour
 k - a +1 cloak of willpower (melded)
 u - a +0 robe (melded)
 E - a +0 chain mail
Magical Staves
 y - a staff of cold
Jewellery
 i - a ring of flight (left branch)
 H - an amulet of the acrobat (around neck)
Wands
 v - a wand of iceblast (10)
 z - a wand of acid (6)
Scrolls
 f - 3 scrolls of identify
 g - 2 scrolls of enchant armour {unknown}
 n - 2 scrolls of blinking {unknown}
 B - a scroll of fog {unknown}
 C - a scroll of vulnerability {unknown}
 F - a scroll of enchant weapon {unknown}
 G - a scroll of teleportation {unknown}
Potions
 m - 2 potions of mutation {unknown}
 p - 2 potions of brilliance {unknown}
 q - 2 potions of degeneration {unknown}
 x - 2 potions of attraction {unknown}


   Skills:
 - Level 2.4 Fighting
 + Level 7.0 Short Blades
 - Level 2.3 Polearms
 - Level 3.6 Dodging
 + Level 9.8 Stealth
 - Level 8.0 Spellcasting
 + Level 3.0 Hexes
 - Level 4.4 Transmutations
 + Level 2.4 Ice Magic
 - Level 3.5 Earth Magic


You had 7 spell levels left.
You knew the following spells:

 Your Spells              Type           Power      Damage    Failure   Level
i - Ensorcelled Hibernat  Hex/Ice        30%        N/A       5%          2
m - Sublimation of Blood  Necr           6%         N/A       17%         2
p - Petrify               Tmut/Erth      19%        N/A       22%         4
q - Irradiate             Conj/Tmut      6%         3d15      77%         5
y - Anguish               Hex/Necr       5%         N/A       52%         4

Your spell library contained the following spells:

 Spells                   Type           Power      Damage    Failure   Level
 Apportation              Tloc           12%        N/A       11%         1
 Spider Form              Tmut/Pois      13%        N/A       14%         3
 Alistair's Intoxication  Tmut/Pois      8%         N/A       77%         5


Dungeon Overview and Level Annotations

Branches:
Dungeon (8/15)             Temple (0/1) D:5
   Lair: D:8-11

Altars:
Cheibriados
Dithmenos
Hepliaklqana
Kikubaaqudgha
Makhleb
Trog
The Shining One
Jiyva


Innate Abilities, Weirdness & Mutations

You are a tree.
Your roots penetrate the ground, keeping you stationary.
You cannot be teleported.
You are immune to unholy pain and torment.
Your maximum health is greatly increased.
Your equipment is partially melded.
You possess an exceptional clarity of mind.
You passively map a small area around you.
((Armour fits poorly on your massive pseudopods.))
((You are covered in slimy tendrils that may disarm your opponents.))
You expend magic power (3 MP) to strengthen your wands.
((Your melee attacks may engulf your foes in ooze.))


Message History

The helpless killer bee fails to defend itself.
You skewer the killer bee like a kebab!!!
You kill the killer bee!
You feel sick. The killer bee stings you.
* * * LOW HITPOINT WARNING * * *
The killer bee barely misses you.
Your Short Blades skill increases to level 7!
Your Hexes skill increases to level 3!
Unknown command.
You feel better. The killer bee closely misses you. x2
The killer bee stings you!
* * * LOW HITPOINT WARNING * * *
You are poisoned.
The killer bee poisons you! The killer bee stings you.
* * * LOW HITPOINT WARNING * * *
You are more poisoned.
The killer bee poisons you!
Unknown command.
Unknown command.
Okay, then.
You feel better. The killer bee stings you.
* * * LOW HITPOINT WARNING * * *
You are poisoned.
The killer bee poisons you! The killer bee completely misses you.
The killer bee stings you.
* * * LOW HITPOINT WARNING * * *
You are more poisoned.
The killer bee poisons you! The killer bee stings you!
* * * LOW HITPOINT WARNING * * *
You are more poisoned.
The killer bee poisons you!
Unknown command.
Unknown command.
Unknown command.
Okay, then.
It was a potion of lignification.
You turn into a tree.
Your +1 cloak of willpower melds into your body.
Your +0 robe melds into your body.
You feel less strong-willed.
Your roots penetrate the ground.
You die...

.......#.........#...........
.......'.........#...........
.<.....######'####..........,
#####.....................#*
#.....................#
#................†....# ,
#............F........#
#############y######.....
#.♣y.+, * y.., #....#, * .,
######*** ,


You could see a bullfrog and 2 killer bees.

Vanquished Creatures
  Harold (D:7)
  Pikel (D:6)
  A troll (D:7)
  A sky beast (D:6)
  A black bear (D:5)
  A phantom (D:4)
  A centaur (D:5)
  A bullfrog (D:7)
  Blork the orc (D:6)
  A scorpion (D:5)
  3 water moccasin skeletons
  7 killer bees (D:8)
  An orc priest (D:7)
  Crazy Yiuf (D:3)
  A gnoll shaman (D:7)
  5 hounds
  An orc wizard (D:7)
  Natasha (thrice) (D:3)
  A scorpion zombie (D:5)
  A killer bee zombie (D:6)
  8 gnolls
  A howler monkey skeleton (D:4)
  6 adders
  An adder skeleton (D:4)
  3 worms
  5 dart slugs
  2 orcs
  7 ball pythons
  8 endoplasms
  3 giant cockroaches
  9 goblins
  6 hobgoblins
  3 quokkas
  5 bats
  4 frilled lizards
  5 kobolds
  4 rats
114 creatures vanquished.

Vanquished Creatures (collateral kills)
  A steam dragon (D:7)
  Menkaure (D:6)
  A necrophage (D:6)
  An ufetubus (D:6)
4 creatures vanquished.

Vanquished Creatures (others)
  A necrophage (D:4)
  A hound (D:6)
  5 jellies
  A centaur skeleton (D:7)
  A gnoll shaman (D:5)
  4 gnolls (D:5)
  2 adders
  2 orcs
  2 goblins
  A hobgoblin (D:4)
  A fungus (D:3)
  12 plants
33 creatures vanquished.

Grand Total: 151 creatures vanquished

Notes
Turn   | Place    | Note
-------+----------+-------------------------------------------
     0 | D:1      | Spectrina the Deep Elf Monk began the quest for the Orb.
     0 | D:1      | Reached XP level 1. HP: 13/13 MP: 3/3
   130 | D:2      | Reached skill level 3 in Stealth
   138 | D:2      | Reached XP level 2. HP: 13/18 MP: 4/4
   245 | D:2      | Reached skill level 1 in Short Blades
   272 | D:2      | Reached XP level 3. HP: 18/22 MP: 5/5
   383 | D:3      | Reached skill level 4 in Stealth
   400 | D:3      | Noticed Natasha
   409 | D:3      | Killed Natasha
   410 | D:3      | Reached XP level 4. HP: 22/27 MP: 6/6
   457 | D:3      | Found a runed translucent door.
   458 | D:3      | Noticed Crazy Yiuf
   465 | D:3      | Killed Crazy Yiuf
   466 | D:3      | Reached skill level 1 in Spellcasting
   507 | D:3      | Noticed Natasha
   515 | D:3      | Killed Natasha
   562 | D:3      | Reached skill level 5 in Stealth
   562 | D:3      | Reached XP level 5. HP: 15/31 MP: 9/9
   586 | D:3      | Noticed Natasha
   740 | D:1      | Found a faded altar of an unknown god.
   751 | D:1      | Prayed at the altar of an unknown god.
   751 | D:1      | Became a worshipper of Jiyva Joixuuhi the Shapeless
   751 | D:1      | Reached * piety under Jiyva
   751 | D:1      | Reached ** piety under Jiyva
   816 | D:1      | Reached *** piety under Jiyva
  1079 | D:3      | Killed Natasha
  1127 | D:3      | Reached XP level 6. HP: 36/36 MP: 12/12
  1308 | D:4      | Identified the +4 falchion of the Hall of Blades {vorpal,
                  | rF- Int+4}
  1372 | D:4      | Reached skill level 6 in Stealth
  1381 | D:4      | Reached **** piety under Jiyva
  1405 | D:4      | Learned a level 4 spell: Petrify
  1411 | D:4      | Learned a level 5 spell: Irradiate
  1509 | D:4      | Reached skill level 1 in Transmutations
  1577 | D:4      | Found a shadowy altar of Dithmenos.
  1584 | D:4      | Found a burning altar of Makhleb.
  1586 | D:4      | Found an ancient bone altar of Kikubaaqudgha.
  1587 | D:4      | Found a glowing golden altar of the Shining One.
  1619 | D:5      | Entered Level 5 of the Dungeon
  1633 | D:5      | Reached XP level 7. HP: 39/40 MP: 15/15
  1684 | D:5      | Found a staircase to the Ecumenical Temple.
  1693 | D:5      | Gained mutation: You expend magic power (3 MP) to
                  | strengthen your wands. [Jiyva's grace]
  1693 | D:5      | Gained mutation: Armour fits poorly on your pseudopods.
                  | [Jiyva's grace]
  1693 | D:5      | Gained mutation: Armour fits poorly on your large
                  | pseudopods. [Jiyva's grace]
  1693 | D:5      | Gained mutation: Armour fits poorly on your massive
                  | pseudopods. [Jiyva's grace]
  1804 | D:5      | Reached skill level 5 in Spellcasting
  1807 | D:5      | Learned a level 2 spell: Sublimation of Blood
  1842 | D:5      | Found a hazy altar of Hepliaklqana.
  1858 | D:5      | Reached skill level 7 in Stealth
  1889 | D:5      | Reached skill level 1 in Earth Magic
  1922 | D:5      | Reached ***** piety under Jiyva
  1965 | D:6      | Reached XP level 8. HP: 40/45 MP: 18/18
  1968 | D:6      | Noticed Blork the orc
  1991 | D:6      | Killed Blork the orc
  2044 | D:6      | Noticed Menkaure
  2058 | D:6      | Killed Menkaure
  2059 | D:6      | Reached skill level 5 in Short Blades
  2411 | D:6      | Noticed Pikel
  2441 | D:6      | Killed Pikel
  2442 | D:6      | Reached skill level 8 in Stealth
  2575 | D:7      | Found a bloodstained altar of Trog.
  2582 | D:7      | Found a snail-covered altar of Cheibriados.
  2602 | D:7      | Noticed Harold
  2621 | D:7      | Reached XP level 9. HP: 31/49 MP: 21/21
  2621 | D:7      | Killed Harold
  2622 | D:7      | Reached skill level 9 in Stealth
  2629 | D:7      | Learned a level 2 spell: Ensorcelled Hibernation
  2634 | D:7      | Learned a level 4 spell: Anguish
  2682 | D:7      | Reached skill level 1 in Hexes
  2827 | D:7      | Noticed a troll
  2833 | D:7      | Killed a troll
  2834 | D:7      | Reached skill level 1 in Ice Magic
  2888 | D:7      | Gained mutation: Your melee attacks may engulf your foes in
                  | ooze. [Jiyva's grace]
  2888 | D:7      | Gained mutation: You are covered in slimy tendrils that may
                  | disarm your opponents. [Jiyva's grace]
  2888 | D:7      | Gained mutation: You possess an exceptional clarity of
                  | mind. [Jiyva's grace]
  2888 | D:7      | Gained mutation: You passively map a small area around you.
                  | [Jiyva's grace]
  3033 | D:8      | Reached ****** piety under Jiyva
  3056 | D:8      | HP: 1/49 [killer bee (7)]
  3057 | D:8      | Succumbed to a killer bee's poison

Illustrated notes

Levels and vault maps discovered:
D:1:      wander_arrival_lonely_grave, layout_loops_ring,
          shapermc_ecumenical_altar_totnotflames
D:2:      layout_basic, kennysheep_crisscross, minmay_surrounded
D:3:      layout_rooms, minmay_misc_feat_nine_boxes, uniq_natasha,
          uniq_crazy_yiuf_cottage
D:4:      layout_basic, minitemple, kennysheep_generic_room_5
D:5:      layout_cave_pools, nicolae_hepliaklqana_hazy_memory,
          minmay_temple_entry_mini_moons, minmay_misc_feat_iff,
          kennysheep_cross_bottleneck, kennysheep_generic_room_12
D:6:      layout_loops_cross, minmay_tree_intersection, uniq_menkaure,
          uniq_pikel, uniq_blork_the_orc
D:7:      layout_loops_corners, mainiacjoe_overflow_big_doors, uniq_duvessa,
          uniq_harold
D:8:      layout_gridville, grunt_temple_overflow_opulence,
          eino_small_chamber_without_monster, uniq_gastronok

Skill      XL: |  1  2  3  4  5  6  7  8  9 |
---------------+----------------------------+-----
Stealth        | 3 4 5 6 7 8 9 |  9.8
Short Blades   | 1 2 3 4 5 7 |  7.0
Spellcasting   | 1 3 4 5 7 8 |  8.0
Transmutations | 1 3 4 |  4.4
Earth Magic    | 1 3 |  3.5
Hexes          | 3 |  3.0
Ice Magic      | 2 |  2.4
Fighting       | |  2.4
Polearms       | |  2.3
Dodging        | |  3.6

Action                   |  1- 3 |  4- 6 |  7- 9 || total
-------------------------+-------+-------+-------++-------
Melee: Short sword       |    61 |   142 |   170 ||   373
       Spear             |     8 |       |       ||     8
       Punch             |       |     1 |     3 ||     4
       Pseudopods        |       |       |    25 ||    25
 Fire: Shortbow          |       |       |     3 ||     3
 Cast: Ensorcelled Hiber |       |       |    15 ||    15
       Petrify           |       |       |     1 ||     1
  Use: Potion            |       |       |     4 ||     4
       Scroll            |       |       |     1 ||     1
 Stab: Sleeping          |     9 |    16 |    11 ||    36
       Distracted        |       |     1 |     1 ||     2
Armor: Robe              |    11 |    32 |    43 ||    86
Dodge: Dodged            |    47 |    79 |   169 ||   295
